 Dungeon Crawl Stone Soup version 0.23.2-1-ga50397a (webtiles) character file.

Game seed: 6930465294350905491

256 senseless the Covered (level 6, 0/38 HPs)
             Began as a Tengu Fighter on May 13, 2019.
             Killed by divine providence
             ... invoked by an orc priest
              (13 damage)
             ... on level 3 of the Dungeon on May 14, 2019.
             The game lasted 00:09:06 (2533 turns).

senseless the Covered (Tengu Fighter)               Turns: 2533, Time: 00:09:09

Health: 0/38       AC:  7    Str: 17    XL:     6   Next: 16%
Magic:  7/7        EV:  8    Int:  8    God:
Gold:   207        SH:  9    Dex: 15    Spells: 5/5 levels left

rFire    . . .     SeeInvis .   a - +0 long sword
rCold    . . .     Gourm    .   c - +0 shield
rNeg     . . .     Faith    .   b - +0 scale mail
rPois    .         Spirit   .   (helmet restricted)
rElec    .         Reflect  .   (no cloak)
rCorr    +         Harm     .   (no gloves)
MR       .....                  (boots unavailable)
Stlth    ..........             (no amulet)
HPRegen  0.12/turn              g - ring of flight
MPRegen  0.10/turn              h - ring of resist corrosion

@: no status effects
A: beak, talons 3, able to fly
a: Fly, Evoke Flight


You were on level 3 of the Dungeon.
You were hungry.

You visited 1 branch of the dungeon, and saw 3 of its levels.

You collected 207 gold pieces.

Inventory:

Hand Weapons
 a - a +0 long sword (weapon)
Armour
 b - a +0 scale mail (worn)
 c - a +0 shield (worn)
 p - a +0 large shield
Jewellery
 g - a ring of flight (left hand)
 h - a ring of resist corrosion (right hand)
Scrolls
 i - 6 scrolls of remove curse {unknown}
 l - 3 scrolls of fear {unknown}
 m - a scroll of identify {unknown}
 n - a scroll of amnesia {unknown}
 o - a scroll of enchant armour {unknown}
 u - a scroll of enchant weapon {unknown}
Potions
 d - a potion of might
 e - a potion of heal wounds {unknown}
 j - a potion of degeneration {unknown}
 k - a potion of berserk rage {unknown}
 q - a potion of haste
 s - a potion of mutation {unknown}
 t - a potion of brilliance {unknown}
Comestibles
 f - 5 rations
 r - 3 chunks of flesh


   Skills:
 + Level 3.8 Fighting
 + Level 3.6 Long Blades
 + Level 4.4 Armour
 + Level 2.5 Dodging
 + Level 0.4 Stealth
 + Level 4.0 Shields


You had 5 spell levels left.
You didn't know any spells.
Your spell library was empty.

Dungeon Overview and Level Annotations

Branches:
Dungeon (3/15)

Altars:
Sif Muna
Trog

Annotations:
D:3 3 runed translucent doors, grenoire's ghost, amateur GrBe


Innate Abilities, Weirdness & Mutations

You have a beak for a mouth.
You have claws for feet.
You can fly continuously.


Message History

You closely miss the orc. Your kick misses the orc. Your peck misses the orc.
The orc hits you with a +0 whip.
You hit the orc but do no damage. You peck the orc, but do no damage.
You block the orc's attack.
You hit the orc. You peck the orc, but do no damage.
The orc is severely wounded.
You block the orc's attack. The orc barely misses you.
You riposte.
You slash the orc!
You kill the orc!
The orc wizard closely misses you.
You miss the orc wizard. You claw the orc wizard.
You kill the orc wizard!
Your Shields skill increases to level 4!
You slash the orc priest!
The orc priest is severely wounded.
The orc priest calls down the wrath of Beogh upon you.
Pain shoots through your body!
The orc priest calls down the wrath of Beogh upon you.
Beogh smites you!
You die...

#.# #.######
##############.......
#..............# ##########
#.#####.#####.(###.........
#.#####.#####.........#####
#.##...>......#######.#
#.##.##.##)##.# #)#
#.#.##.##...@...# ##.##
#.........##o##.# #...#
#########.##o##.# #...#
#.##.##.# #...# # #.......#
#...# #
#.......######...####
#.##.##.#............
#......o.............
#..#.#..#............


You could see an orc priest and an orc.

Vanquished Creatures
  4 orc wizards (D:3)
  A centaur skeleton (D:2)
  3 adders
  3 worms
  7 dart slugs
  3 leopard geckos
  3 orcs (D:3)
  4 giant cockroaches (D:1)
  10 goblins
  3 hobgoblins
  7 jackals (D:2)
  4 kobolds
  A quokka (D:3)
  7 bats
  2 frilled lizards
  3 rats (D:1)
65 creatures vanquished.

Notes
Turn   | Place    | Note
-------+----------+-------------------------------------------
     0 | D:1      | senseless the Tengu Fighter began the quest for the Orb.
     0 | D:1      | Reached XP level 1. HP: 14/14 MP: 2/2
    56 | D:1      | Reached XP level 2. HP: 19/19 MP: 3/3
   287 | D:1      | Reached XP level 3. HP: 21/23 MP: 4/4
  1056 | D:2      | Found a deep blue altar of Sif Muna.
  1265 | D:2      | Reached XP level 4. HP: 27/28 MP: 5/5
  1427 | D:2      | Reached skill level 1 in Dodging
  1593 | D:2      | Gained mutation: You can fly continuously. [Tengu growth]
  1593 | D:2      | Reached XP level 5. HP: 31/33 MP: 6/6
  1919 | D:3      | Found a runed translucent gate.
  1919 | D:3      | Found a runed translucent gate.
  1920 | D:3      | Found a runed translucent gate.
  2212 | D:3      | Found a bloodstained altar of Trog.
  2256 | D:3      | Noticed grenoire's ghost (amateur GrBe)
  2381 | D:3      | Reached XP level 6. HP: 27/38 MP: 7/7
  2533 | D:3      | Killed from afar by an orc priest

Skill      XL: |  1  2  3  4  5  6 |
---------------+-------------------+-----
Armour         | 4 |  4.4
Long Blades    | 3 |  3.6
Dodging        | 1 2 |  2.5
Shields        | 4 |  4.0
Fighting       | |  3.8
Stealth        | |  0.4

Action                   |  1- 3 |  4- 6 || total
-------------------------+-------+-------++-------
Melee: Long sword        |    80 |   103 ||   183
       Kick              |    25 |    21 ||    46
       Peck              |    14 |    24 ||    38
 Abil: Fly               |       |     1 ||     1
       Stop Flying       |       |     1 ||     1
  Eat: Chunk             |     1 |     4 ||     5
Armor: Scale mail        |    34 |    28 ||    62
Dodge: Dodged            |    19 |    26 ||    45
Block: Shield            |    37 |    48 ||    85
       Rpst.: Long sword |    12 |    11 ||    23
